 Dungeon Crawl Stone Soup version 0.21-a0-225-g207ae17 (webtiles) character file.

214 Chiseanne the Chucker (level 6, -1/42 HPs)
             Began as a Halfling Hunter on Aug 28, 2017.
             Slain by a centaur (5 damage)
             ... on level 5 of the Dungeon.
             The game lasted 00:07:17 (4113 turns).

Chiseanne the Chucker (Halfling Hunter)             Turns: 4113, Time: 00:07:18

Health: -1/42      AC:  7    Str: 13    XL:     6   Next: 14%
Magic:  6/6        EV: 14    Int: 10    God:
Gold:   132        SH:  0    Dex: 16    Spells: 3/5 levels left

rFire    . . .     SeeInvis .   a - +0 short sword
rCold    . . .     Gourm    .   (shield restricted)
rNeg     . . .     Faith    .   m - +0 ring mail
rPois    .         Spirit   .   (no helmet)
rElec    .         Reflect  .   (no cloak)
rCorr    .         Harm     .   e - +1 pair of gloves
MR       .....                  (no boots)
Stlth    +.........             (no amulet)
HPRegen  0.14/turn              (no ring)
MPRegen  0.10/turn              (no ring)

@: no status effects
A: mutation resistance 1
a: no special abilities


You were on level 5 of the Dungeon.
You were not hungry.

You visited 1 branch of the dungeon, and saw 5 of its levels.

You collected 132 gold pieces.

Inventory:

Hand Weapons
 a - a +0 short sword (weapon)
Missiles
 c - 8 tomahawks (quivered)
 i - 89 stones
 q - 48 arrows
 s - 25 bolts
 v - 23 poisoned needles
Armour
 e - a +1 pair of gloves (worn)
 m - a +0 ring mail (worn)
Jewellery
 C - a cursed ring of fire {unknown}
Wands
 y - a wand of disintegration (0/24)
Scrolls
 b - a scroll of amnesia
 l - 2 scrolls of enchant armour
 w - 2 scrolls of teleportation
 z - a scroll of fear {unknown}
Potions
 h - a potion of ambrosia
 j - 2 potions of magic {unknown}
 p - 2 potions of curing
 r - a potion of agility {unknown}
 t - a potion of heal wounds {unknown}
 u - a potion of resistance {unknown}
 x - a potion of haste {unknown}
 A - 2 potions of brilliance {unknown}
Books
 o - a book of Minor Magic

   Spells                             Type                      Level
   a - Magic Dart                     Conjuration                  1
   b - Blink                          Translocation                2
   c - Call Imp                       Summoning                    2
   d - Slow                           Hexes                        2
   e - Conjure Flame                  Conjuration/Fire             3
   f - Mephitic Cloud                 Conjuration/Poison/Air       3
Comestibles
 f - 5 bread rations
 g - 12 fruits
 k - 2 royal jellies
 n - 2 meat rations


   Skills:
 * Level 3.3 Fighting
 * Level 5.0 Throwing
 * Level 2.2 Armour
 * Level 3.5 Dodging
 - Level 1.1 Stealth


You had 3 spell levels left.
You knew the following spells:

 Your Spells              Type           Power        Failure   Level  Hunger
a - Blink                 Tloc           N/A          77%         2    ###....


Dungeon Overview and Level Annotations

Branches:
Dungeon (5/15)
 Temple: D:4-7

Altars:
Elyvilon
Kikubaaqudgha
Ru
Sif Muna
Yredelemnul


Innate Abilities, Weirdness & Mutations

You are small and have problems with some larger weapons.
You are somewhat resistant to further mutation.


Message History

* * * LOW HITPOINT WARNING * * *
The centaur hits you but does no damage.
You hit the centaur but do no damage.
The centaur is heavily wounded.
The centaur hits you but does no damage.
You hit the centaur.
The centaur is severely wounded.
The centaur hits you.
* * * LOW HITPOINT WARNING * * *
The centaur closely misses you.
You hit the centaur.
The centaur is severely wounded.
The centaur misses you. x2
You hit the centaur.
The centaur is almost dead.
The centaur barely misses you.
You hit the centaur but do no damage.
The centaur is almost dead.
The centaur hits you.
You die...

#'# .#### #.# ......
##.######.. ......
#..........
..$...####..########
...........).......
............############.#
......(((..(c...).)....#.#
###.........#@########.#.#
#.........#.# #.#.#
#.........#.# #.#.#
########.##.# #.#.# #.##.#
#.#.##### #.##.# #........
#.##.##########.#####
#.##.........#
#.##.#########


You could see a centaur.

Vanquished Creatures
  An orc priest (D:5)
  An orc wizard (D:5)
  A worker ant (D:4)
  5 adders
  An adder skeleton (D:5)
  4 worms
  A dart slug (D:1)
  4 leopard geckos (D:4)
  2 orcs (D:5)
  12 bats
  6 giant cockroaches
  6 goblins
  8 hobgoblins
  A quokka (D:2)
  6 frilled lizards
  6 kobolds
  5 rats
70 creatures vanquished.

Vanquished Creatures (others)
  A fungus (D:5)
1 creature vanquished.

Grand Total: 71 creatures vanquished

Notes
Turn   | Place    | Note
-------+----------+-------------------------------------------
     0 | D:1      | Chiseanne the Halfling Hunter began the quest for the Orb.
     0 | D:1      | Reached XP level 1. HP: 14/14 MP: 1/1
   344 | D:1      | Reached XP level 2. HP: 14/19 MP: 2/2
   806 | D:1      | Reached XP level 3. HP: 24/24 MP: 3/3
  1091 | D:2      | Found a white marble altar of Elyvilon.
  1294 | D:2      | Reached XP level 4. HP: 20/30 MP: 4/4
  1455 | D:2      | Learned a level 2 spell: Blink
  1703 | D:2      | Reached skill level 1 in Armour
  1755 | D:2      | Found a sacrificial altar of Ru.
  2325 | D:3      | Reached XP level 5. HP: 9/36 MP: 5/5
  3135 | D:4      | Found a deep blue altar of Sif Muna.
  3141 | D:4      | Found an ancient bone altar of Kikubaaqudgha.
  3145 | D:4      | Found a basalt altar of Yredelemnul.
  3703 | D:5      | Entered Level 5 of the Dungeon
  3846 | D:5      | Reached skill level 5 in Throwing
  3846 | D:5      | Reached XP level 6. HP: 9/42 MP: 6/6
  4113 | D:5      | Slain by a centaur

Vault maps used:
D:1:      scummos_arrival_star
D:2:      overflow_temple_1_default, nicolae_overflow_crystal_walls
D:4:      gammafunk_temple_overflow_forgotten, first_bread
D:5:      kennysheep_steamy, zin_academy, serial_shops, shop

Skill      XL: |  1  2  3  4  5 |
---------------+----------------+-----
Fighting       | 2 3 |  3.3
Dodging        | 3 |  3.5
Armour         | 1 2 |  2.2
Throwing       | 5 |  5.0
Stealth        | |  1.1

Action                   |  1- 3 |  4- 6 || total
-------------------------+-------+-------++-------
Melee: Short sword       |   108 |   291 ||   399
Throw: Tomahawk          |       |     9 ||     9
       Throwing net      |       |     2 ||     2
Evoke: Wand              |       |     3 ||     3
  Use: Scroll            |     3 |     5 ||     8
  Eat: Chunk             |     1 |    10 ||    11
Armor: Leather armour    |    18 |       ||    18
       Ring mail         |    34 |   121 ||   155
Dodge: Dodged            |    95 |   247 ||   342

Table legend:
 A = Spawn XP
 B = Non-spawn XP
 C = Spawn XP percentage of total XP
 D = Spawn monster count
 E = Non-spawn monster count
 F = Spawn count percentage of total count
 G = Total turns spent on level
                    A         B        C        D         E        F      G
               +---------+---------+-------+---------+---------+-------+---------
         Total |      36 |     270 |  11.8 |      12 |      58 |  17.1 |  4113
               +---------+---------+-------+---------+---------+-------+---------
           D:1 |       4 |      27 |  12.9 |       3 |      16 |  15.8 |  1041
           D:2 |      11 |      72 |  13.3 |       6 |      20 |  23.1 |  1118
           D:3 |      21 |      32 |  39.6 |       3 |       9 |  25.0 |   899
           D:4 |       0 |      49 |   0.0 |       0 |       7 |   0.0 |   645
           D:5 |       0 |      90 |   0.0 |       0 |       6 |   0.0 |   410
               +---------+---------+-------+---------+---------+-------+---------
